 Dungeon Crawl Stone Soup version 0.22-a0-362-g535178c (webtiles) character file.

132 Amnesiac the Grave Robber (level 4, 0/33 HPs)
             Began as a Mummy Necromancer on Apr 19, 2018.
             Slain by an adder (5 damage)
             ... on level 4 of the Dungeon.
             The game lasted 00:02:32 (985 turns).

Amnesiac the Grave Robber (Mummy Necromancer)        Turns: 985, Time: 00:02:33

Health: 0/33       AC:  2    Str: 11    XL:     4   Next: 92%
Magic:  0/8        EV: 13    Int: 15    God:
Gold:   88         SH:  0    Dex: 12    Spells: 5/9 levels left

rFire    x . .     SeeInvis .   f - +0 long sword
rCold    + . .     Gourm    .   (no shield)
rNeg     + + +     Faith    .   a - +0 robe
rPois    ∞         Spirit   .   (no helmet)
rElec    .         Reflect  .   (no cloak)
rCorr    .         Harm     .   (no gloves)
MR       .....                  (no boots)
Stlth    ++........             (no amulet)
HPRegen  0.11/turn              (no ring)
MPRegen  0.11/turn              (no ring)

@: very slightly contaminated
A: no food or potions, fire vulnerability, cold resistance 1, negative energy
resistance 3, torment resistance, unbreathing
a: no special abilities


You were on level 4 of the Dungeon.
You were not hungry.

You visited 1 branch of the dungeon, and saw 4 of its levels.

You collected 88 gold pieces.

Inventory:

Hand Weapons
 f - a +0 long sword (weapon)
Missiles
 b - 44 stones (quivered)
Armour
 a - a +0 robe (worn)
Scrolls
 c - a scroll of amnesia {!r, unknown}
 d - a scroll of remove curse {!r}
 e - a scroll of identify {!r}
 g - a scroll of fog {!r, unknown}
 h - 2 scrolls of random uselessness {!r, unknown}
 i - a scroll of teleportation {!r}


   Skills:
 + Level 1.9 Fighting
 * Level 3.0 Dodging
 - Level 1.5 Stealth
 - Level 3.2 Spellcasting
 + Level 4.6 Necromancy


You had 5 spell levels left.
You knew the following spells:

 Your Spells              Type           Power        Failure   Level  Hunger
a - Pain                  Necr           ###.         3%          1    N/A
d - Vampiric Draining     Necr           ###.......   9%          3    N/A

Dungeon Overview and Level Annotations

Branches:
Dungeon (4/15)
 Temple: D:4-7

Altars:

Portals:
Sewer: D:4


Innate Abilities, Weirdness & Mutations

You do not eat or drink.
Your flesh is vulnerable to fire.
You are immune to poison.
Your flesh is cold resistant. (rC+)
You are immune to negative energy. (rN+++)
You are immune to unholy pain and torment.
You can survive without breathing.


Message History

Confirm with . or Enter, or press ? or * to list all spells.
You don't have enough magic to cast that spell.
Casting: Vampiric Draining (safe; 10% risk of failure)
Confirm with . or Enter, or press ? or * to list all spells.
You don't have enough magic to cast that spell.
You hit the adder.
You kill the adder!
The adder bites you.
Casting: Vampiric Draining (safe; 9% risk of failure)
Confirm with . or Enter, or press ? or * to list all spells.
You don't have enough magic to cast that spell.
You closely miss the adder. The adder bites you. The adder barely misses you.
You riposte.
You barely miss the adder. You hit the adder.
The adder is severely wounded.
The adder bites you but does no damage. The adder closely misses you.
You slash the adder!
You kill the adder!
Your Dodging skill increases to level 3!
The adder bites you.
You hit the adder but do no damage. The adder bites you.
* * * LOW HITPOINT WARNING * * *
The adder bites you.
* * * LOW HITPOINT WARNING * * *
Casting: Vampiric Draining (safe; 9% risk of failure)
Confirm with . or Enter, or press ? or * to list all spells.
Aiming: Vampiric Draining (safe; 9% risk of failure)
Press: ? - help, Shift-Dir - straight line, f - adder
Aim: an adder You kill the adder!
You feel life coursing into your body. The adder misses you.
You closely miss the adder. The adder completely misses you.
You miss the adder. The adder bites you.
* * * LOW HITPOINT WARNING * * *
The adder bites you.
* * * LOW HITPOINT WARNING * * *
You barely miss the adder. The adder bites you.
* * * LOW HITPOINT WARNING * * *
The adder misses you. The adder barely misses you.
The adder bites you but does no damage.
Casting: Vampiric Draining (safe; 9% risk of failure)
Confirm with . or Enter, or press ? or * to list all spells.
Aiming: Pain (safe; 3% risk of failure)
Press: ? - help, Shift-Dir - straight line, f - adder
Aim: an adder (chance to defeat MR: 81%)
You miscast Pain.
You are very lightly contaminated with residual magic.
Nothing appears to happen.
The adder barely misses you.
You riposte.
You closely miss the adder.
Unknown command.
The adder bites you.
* * * LOW HITPOINT WARNING * * *
Really read
d - 2 scrolls labeled ESTRYL LOZE {!r}?
As you read the scroll labeled ESTRYL LOZE {!r}, it crumbles to dust.
You feel blessed for a moment.
It was a scroll of remove curse {!r}.
You hear the quick rusting of a drain nearby.
The adder barely misses you.
Really read
e - 2 scrolls labeled YTU CYFYXKY {!r}?
As you read the scroll labeled YTU CYFYXKY {!r}, it crumbles to dust.
It is a scroll of identify.
i - a scroll of teleportation {!r} The adder bites you.
You die...

#.#### #####.#.##.#..#
#....#######.......<......
........)..)....##....#...
##.)...#...#######..###...
...#######.# ###...## #..# ####
#.###.....# #..# # #.....##.##
#..# #####...###.# #..# ###
#.....#...@S### #..# ..##
##...#####....###..# #..## ###.#
#.##......#
##..######.#####.#####...######.#
##....(##.......# #..........#
#####.#####.!##### ###.##'##.$#
#.#####......# #?#≈≈≈#..#
#........###.# #$#≈≈≈#..#
###......# ..#≈∩≈#..#


You could see an adder.

Vanquished Creatures
  A howler monkey (D:4)
  A centaur skeleton (D:4)
  A worker ant zombie (D:3)
  4 adders (D:4)
  An adder skeleton (D:4)
  A dart slug (D:4)
  2 leopard geckos
  An orc (D:4)
  A bat (D:3)
  2 giant cockroaches (D:1)
  A ball python skeleton (D:4)
  2 frilled lizards
  3 rats (D:1)
21 creatures vanquished.

Notes
Turn   | Place    | Note
-------+----------+-------------------------------------------
     0 | D:1      | Amnesiac the Mummy Necromancer began the quest for the Orb.
     0 | D:1      | Reached XP level 1. HP: 13/13 MP: 4/4
   505 | D:3      | Found a faded altar of an unknown god.
   511 | D:3      | Reached XP level 2. HP: 20/20 MP: 2/5
   631 | D:4      | Noticed a howler monkey
   638 | D:4      | Killed a howler monkey
   638 | D:4      | Reached skill level 1 in Fighting
   638 | D:4      | Reached XP level 3. HP: 22/26 MP: 0/7
   646 | D:4      | Learned a level 3 spell: Vampiric Draining
   827 | D:4      | Reached XP level 4. HP: 24/32 MP: 2/8
   953 | D:4      | Found a glowing drain.
   985 | D:4      | Slain by an adder

Vault maps used:
D:1:      evilmike_arrival_rings, nrook_mini_vaults
D:2:      st_stairs_6
D:3:      kennysheep_ying_yang, chequers_ecumenical_altar_simple, first_ration,
          uniq_ijyb
D:4:      gup_sewer_entry_glass, kennysheep_generic_room_11

Skill      XL: |  1  2  3  4 |
---------------+-------------+-----
Fighting       | 1 |  1.9
Dodging        | 2 3 |  3.0
Spellcasting   | 3 |  3.2
Stealth        | |  1.5
Necromancy     | |  4.6

Action                   |  1- 3 |  4- 6 || total
-------------------------+-------+-------++-------
Melee: Unarmed           |     1 |       ||     1
       Long sword        |    21 |    14 ||    35
 Cast: Pain              |    33 |     3 ||    36
       Vampiric Draining |       |     3 ||     3
  Use: Scroll            |       |     2 ||     2
Armor: Robe              |     4 |     3 ||     7
Dodge: Dodged            |    23 |    16 ||    39
       Rpst.: Long sword |     7 |     4 ||    11

Table legend:
 A = Spawn XP
 B = Non-spawn XP
 C = Spawn XP percentage of total XP
 D = Spawn monster count
 E = Non-spawn monster count
 F = Spawn count percentage of total count
 G = Total turns spent on level
                    A         B        C        D         E        F      G
               +---------+---------+-------+---------+---------+-------+---------
         Total |       0 |     189 |   0.0 |       0 |      21 |   0.0 |   985
               +---------+---------+-------+---------+---------+-------+---------
           D:1 |       0 |      10 |   0.0 |       0 |       6 |   0.0 |   288
           D:2 |       0 |       1 |   0.0 |       0 |       1 |   0.0 |    90
           D:3 |       0 |      18 |   0.0 |       0 |       2 |   0.0 |   263
           D:4 |       0 |     160 |   0.0 |       0 |      12 |   0.0 |   344
               +---------+---------+-------+---------+---------+-------+---------
